 Dungeon Crawl Stone Soup version 0.27.1-1-g398f81649c (webtiles) character file.

Game seed: 7552212793266937169

25 AZSletch the Grasshopper (level 3, 25/30 HPs)
             Began as a Ghoul Warper on Sept 15, 2021.
             Was an Initiate of Ashenzari.
             Quit the game on level 2 of the Dungeon.
             The game lasted 00:06:23 (1095 turns).

AZSletch the Grasshopper (Ghoul Warper)             Turns: 1095, Time: 00:06:24

Health: 25/30      AC:  3    Str: 15    XL:     3   Next: 6%
Magic:  4/5        EV: 11    Int:  8    God:    Ashenzari [......]
Gold:   40         SH:  0    Dex:  8    Spells: 6/6 levels left

rFire    . . .     SeeInvis .   a - +0 spear
rCold    + . .     Faith    .   (no shield)
rNeg     + + +     Spirit   +   b - +0 leather armour "Vision of the Firmament" {Cun, Fort} (curse)
rPois    ∞         Reflect  .   (no helmet)
rElec    .         Harm     .   (no cloak)
rCorr    .         Rampage  .   (no gloves)
Will     .....                  (no boots)
Stlth    +.........             g - amulet of guardian spirit
HPRegen  0.10/turn              (no ring)
MPRegen  0.09/turn              (no ring)

@: no status effects
A: claws 1, cold resistance 1, negative energy resistance 3, inhibited
regeneration, torment resistance 2
a: Renounce Religion, Shatter the Chains


You were on level 2 of the Dungeon.
You worshipped Ashenzari.
Ashenzari was noncommittal.
You visited 1 branch of the dungeon, and saw 2 of its levels.

You collected 40 gold pieces.

Inventory:

Hand Weapons
 a - a +0 spear (weapon)
Missiles
 d - 5 boomerangs of dispersal
 e - 9 poisoned darts
 i - 43 stones (quivered)
Armour
 b - the cursed +0 leather armour "Vision of the Firmament" (worn) {Cun, Fort}

   It has a curse which improves the following skills: Cunning: Dodging and
   Stealth.
   Fortitude: Armour and Shields.
Jewellery
 g - an amulet of guardian spirit (around neck)
Scrolls
 c - a scroll of blinking
Potions
 f - a potion of invisibility
 h - a potion of brilliance


   Skills:
 + Level 2.5 Fighting
 - Level 1.7 Polearms
 - Level 0.8 Throwing
 + Level 1.3(1.7) Armour
 + Level 2.1(2.5) Dodging
 + Level 2.0 Spellcasting
 + Level 2.9 Translocations


You had 6 spell levels left.
You didn't know any spells.
Your spell library contained the following spells:

 Spells                   Type           Power      Damage    Failure   Level
 Blink                    Tloc           N/A        N/A       21%         2
 Gell's Gravitas          Tloc           2%         N/A       36%         3
 Lesser Beckoning         Tloc           2%         N/A       36%         3
 Teleport Other           Tloc           5%         N/A       36%         3
 Manifold Assault         Tloc           5%         N/A       98%         5


Dungeon Overview and Level Annotations

Branches:
Dungeon (2/15)

Altars:
Ashenzari


Innate Abilities, Weirdness & Mutations

You thrive by killing the living.
You are immune to poison.
You have sharp fingernails.
Your flesh is cold resistant. (rC+)
You are immune to negative energy. (rN+++)
You do not regenerate when monsters are visible.
You are immune to unholy pain and torment.


Message History

The quokka barely misses you.
You barely miss the quokka.
The quokka is severely wounded.
The quokka closely misses you.
You barely miss the quokka.
The quokka is severely wounded.
The quokka barely misses you.
You hit the quokka but do no damage.
The quokka is severely wounded.
The quokka misses you. The quokka closely misses you.
You hit the quokka but do no damage.
The quokka is severely wounded.
The quokka bites you.
You barely miss the quokka.
The quokka is severely wounded.
The quokka bites you.
You barely miss the quokka.
The quokka is severely wounded.
The quokka closely misses you.
You closely miss the quokka.
The quokka is severely wounded.
The quokka barely misses you.
You hit the quokka.
You kill the quokka!
No target in view!
No target in view!
Unknown command.
Unknown command.
Saving game... please wait.
Welcome back, AZSletch the Ghoul Warper.
Ashenzari says: Partake of my vision.
Partake of my curse.
Press ? for a list of commands and other information.
Saving game... please wait.
Welcome back, AZSletch the Ghoul Warper.
Ashenzari says: Partake of my vision.
Partake of my curse.
Press ? for a list of commands and other information.
Unknown command.
Are you sure you want to abandon this character and quit the game? (Confirm with "yes".)
Okay, then.
Are you sure you want to abandon this character and quit the game? (Confirm with "yes".)

#. ##. ##.. ... ..
.#######. #........
##.## ###@#.### .#
#......###..# ..#
..#.###.#.#.###>.#.
###.#...[.....
#...........#
#.#..?......#
#.###.†#...##
#.#....#...### #
#.#.##....†..#.#


There were no monsters in sight!

Vanquished Creatures
  3 giant cockroaches
  2 goblins (D:1)
  3 hobgoblins (D:1)
  5 kobolds (D:1)
  A quokka (D:2)
  3 ball pythons (D:1)
  4 bats
  A frilled lizard (D:1)
  2 rats (D:1)
24 creatures vanquished.

Notes
Turn   | Place    | Note
-------+----------+-------------------------------------------
     0 | D:1      | AZSletch the Ghoul Warper began the quest for the Orb.
     0 | D:1      | Reached XP level 1. HP: 17/17 MP: 2/2
   147 | D:1      | Reached skill level 1 in Armour
   188 | D:1      | Reached XP level 2. HP: 25/25 MP: 3/3
   214 | D:1      | Found a faded altar of an unknown god.
   236 | D:1      | Became a worshipper of Ashenzari the Shackled
  1057 | D:2      | Reached XP level 3. HP: 29/30 MP: 5/5
  1095 | D:2      | Quit the game

Illustrated notes

Levels and vault maps discovered:
D:1:      kennysheep_arrival_forest, layout_basic,
          chequers_ecumenical_altar_island
D:2:      layout_loops_ring, kennysheep_generic_room_8

Skill      XL: |  1  2 |
---------------+-------+-----
Armour         | 1 |  1.3
Dodging        | 2 |  2.1
Spellcasting   | 2 |  2.0
Fighting       | |  2.5
Polearms       | |  1.7
Throwing       | |  0.8
Translocations | |  2.9

Action                   || total
-------------------------++-------
Melee: Spear             ||   112
Invok: Curse Item        ||     1
Armor: Leather armour    ||    31
Dodge: Dodged            ||    50
